 Dungeon Crawl Stone Soup version 0.28.0-45-g0d030f2227 (webtiles) character file.

Game seed: 13305679590814715181

15652 McKennaii the Nimble (level 11, -7/99 HPs)
             Began as a Demigod Fighter on Apr 20, 2022.
             Mangled by a cyclops (24 damage)
             ... on level 12 of the Dungeon.
             The game lasted 00:26:36 (13351 turns).

McKennaii the Nimble (Demigod Fighter)             Turns: 13351, Time: 00:26:36

Health: -7/99      AC: 21    Str: 29    XL:     11   Next: 71%
Magic:  14/14      EV: 13    Int: 10    God:
Gold:   487        SH:  5    Dex: 13    Spells: 10/10 levels left

rFire   . . .      SeeInvis +   s - +2 spear (vorpal)
rCold   . . .      Faith    .   c - +0 buckler
rNeg    . . .      Spirit   .   x - +8 chain mail "Veduk" {rElec SInv}
rPois   .          Reflect  .   (no helmet)
rElec   +          Harm     .   (no cloak)
rCorr   .          Rampage  .   w - +1 pair of gloves
Will    +....                   (no boots)
Stlth   ..........              e - amulet of regeneration
HPRegen 1.06/turn               (no ring)
MPRegen 0.14/turn               (no ring)

@: studying Dodging
A: high MP 1, forlorn, divine attributes
a: no special abilities


You were on level 12 of the Dungeon.
You visited 3 branches of the dungeon, and saw 15 of its levels.

You collected 791 gold pieces.
You spent 304 gold pieces at shops.

Inventory:

Hand Weapons
 a - a +0 trident
 s - a +2 vorpal spear (weapon)
Armour
 c - a +0 buckler (worn)
 w - a +1 pair of gloves (worn)
 x - the +8 chain mail "Veduk" (worn) {rElec SInv}
   (You bought it in a shop on level 5 of the Dungeon)

   rElec:     It insulates you from electricity.
   SInv:      It lets you see invisible.
Jewellery
 e - an amulet of regeneration (around neck)
 y - a ring of fire
 I - a ring of ice
Wands
 p - a wand of paralysis (4)
 u - a wand of acid (2)
 D - a wand of flame (2)
 E - a wand of mindburst (5)
Scrolls
 g - a scroll of summoning
 i - 3 scrolls of enchant armour
 k - 2 scrolls of immolation
 l - a scroll of enchant weapon {unknown}
 m - a scroll of vulnerability {unknown}
 n - 2 scrolls of noise {unknown}
 o - a scroll of brand weapon {unknown}
 q - a scroll of blinking
 r - 3 scrolls of fear {unknown}
 t - a scroll of torment {unknown}
 F - a scroll of teleportation
Potions
 b - 2 potions of cancellation
 d - 2 potions of might
 f - 2 potions of flight
 h - a potion of resistance
 j - 2 potions of magic
 v - 2 potions of invisibility {unknown}
 z - 2 potions of curing {unknown}
 A - a potion of haste
 B - a potion of lignification {unknown}
 C - a potion of degeneration
 G - a potion of brilliance


   Skills:
 + Level 9.6 Fighting
 + Level 9.3 Polearms
 + Level 9.6 Armour
 + Level 11.9 Dodging
 - Level 4.0 Shields


You had 10 spell levels left.
You didn't know any spells.
Your spell library contained the following spells:

 Spells                   Type           Power      Damage    Failure   Level
 Beastly Appendage        Tmut           0%         N/A       90%         1
 Foxfire                  Conj/Fire      0%         2x1d4     90%         1
 Wereblood                Tmut           0%         N/A       97%         2
 Conjure Flame            Conj/Fire      0%         6-21      99%         3
 Inner Flame              Hex/Fire       0%         N/A       99%         3
 Spider Form              Tmut/Pois      0%         N/A       99%         3
 Tukima's Dance           Hex            0%         N/A       99%         3
 Anguish                  Hex/Necr       0%         N/A       100%        4
 Flame Wave               Conj/Fire      0%         2d4       100%        4
 Freezing Cloud           Conj/Ice/Air   0%         6-21      100%        5
 Dispersal                Tloc           0%         N/A       100%        6
 Simulacrum               Ice/Necr       0%         N/A       100%        6
 Enfeeble                 Hex            0%         N/A       100%        7
 Disjunction              Tloc           0%         N/A       100%        8
 Polar Vortex             Ice            0%         N/A       100%        9


Dungeon Overview and Level Annotations

Branches:
Dungeon (12/15)            Temple (0/1) D:4            Lair (2/6) D:11
    Orc (1/2) D:11
  Swamp: Lair:2-4    Shoals: Lair:2-4     Snake: Lair:2-4    Spider: Lair:2-4

Shops:
D:5 [   D:6 *

Portals:
Abyss: D:3

Annotations:
Lair:1 Sobaton's ghost, journeyman MiFi


Innate Abilities, Weirdness & Mutations

You have an increased reservoir of magic. (+10% MP)
You shall have no god before yourself.
Your divine heritage dramatically boosts your attributes as you level up.


Message History

a +0 giant club; a +0 giant club You start resting.
A cyclops is nearby!
The cyclops throws a large rock.
The large rock hits you!!
Things that are here:
a +0 giant club; a +0 giant club You hit the cyclops but do no damage.
The cyclops hits you!!
* * * LOW HITPOINT WARNING * * *
You hit the cyclops.
The cyclops is lightly wounded.
You hit the cyclops.
The cyclops is moderately wounded.
The cyclops closely misses you.
Unknown command.
You hit the cyclops.
The cyclops is moderately wounded.
Unknown command.
You hit the cyclops but do no damage.
The cyclops is moderately wounded.
Unknown command.
You hit the cyclops.
The cyclops is moderately wounded.
You block the cyclops's attack.
You puncture the cyclops!
The cyclops is heavily wounded.
You hit the cyclops but do no damage.
The cyclops is heavily wounded.
The cyclops hits you!
* * * LOW HITPOINT WARNING * * *
You hit the cyclops.
The cyclops is heavily wounded.
You hit the cyclops.
The cyclops is severely wounded.
The cyclops hits you but does no damage.
You hit the cyclops.
The cyclops is almost dead.
You hit the cyclops but do no damage.
The cyclops is almost dead.
The cyclops hits you!!
You die...

... ########.# ...
#.#
...#############.#
...............)[#
.................#
###..............#
.................#
...............C.#
################@#
#)# #.#
################.#
..........C.[^...#
.................#
####.............#
#.............#
#.............#


You could see a cyclops.

Vanquished Creatures
  3 hydras
  Fannar (D:11)
  3 two-headed ogres
  Nergalle (D:12)
  A deep elf pyromancer (D:12)
  The ghost of CryoSword the Digger, a novice GrEE (D:5)
  A gargoyle (D:12)
  Maggie (D:9)
  A troll (D:9)
  Eustachio (D:6)
  A shadow (D:10)
  2 wraiths (D:9)
  3 wyverns (D:11)
  14 yaks
  A basilisk (Lair:1)
  Menkaure (D:7)
  Edmund (D:3)
  2 wargs
  3 water moccasins (D:11)
  3 ice beasts
  A sky beast (D:8)
  9 orc warriors
  A black bear (D:5)
  The ghost of zorge82 the Skirmisher, an amateur HOFi (D:3)
  2 ogres
  The ghost of 101zpm the Chiller, an amateur DrIE (D:4)
  9 centaurs
  3 bullfrogs
  2 kobold brigands (D:9)
  4 scorpions
  A small abomination (D:3)
  A water moccasin zombie (D:6)
  A hornet simulacrum (D:5)
  13 killer bees
  4 wights (D:10)
  3 howler monkeys (D:10)
  4 centaur zombies
  A bullfrog zombie (D:6)
  2 bullfrog skeletons
  2 hounds
  7 orc priests
  3 water moccasin simulacra (D:5)
  A centaur skeleton (D:7)
  2 jellies
  6 iguanas
  8 orc wizards
  A scorpion zombie (D:5)
  2 bullfrog simulacra (D:5)
  A scorpion simulacrum (D:5)
  A hound skeleton (D:5)
  4 gnolls
  6 adders
  4 shadow imps
  3 white imps
  3 ufetubi (D:5)
  An adder skeleton (D:5)
  A worm (D:2)
  3 dart slugs
  52 orcs
  5 ball pythons
  7 endoplasms
  5 giant cockroaches
  11 goblins
  10 hobgoblins
  11 kobolds
  4 quokkas
  5 bats
  5 frilled lizards
  7 rats
289 creatures vanquished.

Vanquished Creatures (others)
  A fungus (Lair:1)
  A plant (D:11)
2 creatures vanquished.

Grand Total: 291 creatures vanquished

Notes
Turn   | Place    | Note
-------+----------+-------------------------------------------
     0 | D:1      | McKennaii the Demigod Fighter began the quest for the Orb.
     0 | D:1      | Reached XP level 1. HP: 18/18 MP: 3/3
   207 | D:1      | Reached XP level 2. HP: 25/25 MP: 4/4
   916 | D:1      | Reached XP level 3. HP: 31/31 MP: 5/5
  1907 | D:3      | Found a transporter.
  2138 | D:3      | Reached XP level 4. HP: 38/38 MP: 6/6
  2191 | D:3      | Noticed zorge82's ghost (amateur HOFi)
  2194 | D:3      | Found a transporter.
  2194 | D:3      | Noticed a small abomination
  2727 | D:4      | Noticed an orc warrior
  2964 | D:3      | Killed an orc warrior
  2965 | D:3      | Reached XP level 5. HP: 43/46 MP: 7/7
  2984 | D:4      | Noticed Edmund
  3363 | D:3      | Killed Edmund
  3364 | D:3      | Reached XP level 6. HP: 36/52 MP: 8/8
  3410 | D:4      | Found a transporter.
  3422 | D:4      | Found a transporter.
  3599 | D:4      | Found a runed translucent door.
  3610 | D:4      | Found a staircase to the Ecumenical Temple.
  4019 | D:4      | Noticed 101zpm's ghost (amateur DrIE)
  4065 | D:4      | Killed 101zpm's ghost
  4066 | D:4      | Reached skill level 1 in Dodging
  4104 | D:4      | Reached XP level 7. HP: 60/60 MP: 9/9
  4149 | D:5      | Entered Level 5 of the Dungeon
  4166 | D:5      | Reached skill level 2 in Dodging
  4382 | D:5      | Reached skill level 5 in Fighting
  4408 | D:5      | Found a runed translucent gate.
  4423 | D:5      | Found a runed translucent gate.
  4423 | D:5      | Found a runed translucent gate.
  4448 | D:5      | Reached skill level 3 in Dodging
  4466 | D:5      | Noticed CryoSword's ghost (novice GrEE)
  4618 | D:5      | Reached skill level 5 in Armour
  4815 | D:5      | Found Ocim's Antique Armour Boutique.
  5049 | D:6      | Reached skill level 4 in Dodging
  5049 | D:6      | Reached XP level 8. HP: 68/68 MP: 10/10
  5126 | D:6      | Noticed Eustachio
  5198 | D:6      | Killed Eustachio
  5199 | D:6      | Reached skill level 5 in Polearms
  5365 | D:6      | Found Gedumamp's Elemental Accessories.
  5409 | D:6      | Reached skill level 5 in Dodging
  5775 | D:5      | Bought a faintly glowing chain mail for 304 gold pieces
  5775 | D:5      | Identified the +8 chain mail "Veduk" {rElec SInv} (You
                  | bought it in a shop on level 5 of the Dungeon)
  6482 | D:7      | Noticed Menkaure
  6489 | D:7      | Killed Menkaure
  6490 | D:7      | Reached skill level 6 in Dodging
  7022 | D:3      | Found a one-way gate to the infinite horrors of the Abyss.
  7036 | D:3      | Reached XP level 9. HP: 63/77 MP: 11/11
  7081 | D:3      | Killed zorge82's ghost
  7201 | D:5      | Killed CryoSword's ghost
  7213 | D:5      | Reached skill level 7 in Dodging
  7935 | D:9      | Noticed Maggie
  7991 | D:9      | Reached skill level 8 in Dodging
  8501 | D:9      | Killed Maggie
  8502 | D:9      | Reached XP level 10. HP: 82/86 MP: 13/13
  9057 | D:10     | Entered Level 10 of the Dungeon
  9101 | D:10     | Reached skill level 9 in Dodging
  9495 | D:10     | Noticed a two-headed ogre
  9503 | D:10     | Killed a two-headed ogre
  9792 | D:10     | Noticed a two-headed ogre
  9802 | D:10     | Killed a two-headed ogre
  9820 | D:10     | Reached skill level 10 in Dodging
  9916 | D:11     | Noticed a four-headed hydra
  9935 | D:11     | Killed a four-headed hydra
  9974 | D:11     | Noticed a seven-headed hydra
  9985 | D:11     | Killed a seven-headed hydra
  9986 | D:11     | Reached XP level 11. HP: 67/95 MP: 14/14
 10151 | D:11     | Found a staircase to the Orcish Mines.
 10185 | D:11     | Noticed Fannar
 10418 | D:11     | Found a staircase to the Lair.
 11063 | Lair:1   | Entered Level 1 of the Lair of Beasts
 11101 | Lair:1   | Found a runed translucent gate.
 11101 | Lair:1   | Found a runed translucent gate.
 11101 | Lair:1   | Found a runed translucent gate.
 11115 | Lair:1   | Reached skill level 11 in Dodging
 11155 | Lair:1   | Noticed Sobaton's ghost (journeyman MiFi)
 11665 | Lair:1   | You fall into a shaft and drop 1 floor!
 12270 | D:12     | Noticed a deep elf pyromancer
 12295 | D:12     | Killed a deep elf pyromancer
 12321 | D:12     | Noticed a boulder beetle
 12473 | Orc:1    | Entered Level 1 of the Orcish Mines
 12495 | Orc:1    | Noticed an orc warlord
 12798 | D:11     | Killed Fannar
 13032 | D:12     | Noticed a boulder beetle
 13200 | D:12     | Noticed Nergalle
 13206 | D:12     | Noticed an eight-headed hydra
 13224 | D:12     | Killed Nergalle
 13231 | D:12     | Noticed a two-headed ogre
 13271 | D:12     | Killed an eight-headed hydra
 13326 | D:12     | Killed a two-headed ogre
 13351 | D:12     | Mangled by a cyclops

Illustrated notes

Levels and vault maps discovered:
D:1:      onia_arrival_handbag, layout_loops_corners, minmay_pentomino_p4
D:2:      layout_rooms, chequers_ecumenical_altar_simple_redux
D:3:      layout_loops_ring, gammafunk_ghost_abyssal_escape
D:4:      gammafunk_wand_slinger, layout_cave_pods,
          minmay_temple_entry_statues_fountains, ebering_ghost_reflecting_pool,
          minmay_manual_mares, uniq_edmund
D:5:      layout_cave_pools, gammafunk_ghost_icy, serial_shops, kennysheep_mini,
          minmay_increasing_density
D:6:      layout_basic, amcnicky_altar_gilded, nicolae_elemental_shop,
          uniq_eustachio
D:7:      layout_gridville, uniq_menkaure
D:8:      layout_rooms, amethyst_killhole
D:9:      layout_gridville, mainiacjoe_overflow_alcove_4, uniq_maggie
D:10:     layout_loops_ring, special_room [special_room_orc]
D:11:     layout_basic, minmay_lair_entry_grove, david_orc_2, uniq_fannar
D:12:     layout_long_grid, uniq_nergalle
Lair:1:   layout_regular_city, gammafunk_ghost_necromancy, st_stairs_5,
          minivault_11
Lair:2:   layout_loops_ring, uniq_harold
Orc:1:    layout_caves

Skill      XL: |  1  2  3  4  5  6  7  8  9 10 11 |
---------------+----------------------------------+-----
Polearms       | 2 3 4 5 7 8 9 |  9.3
Fighting       | 3 4 5 6 7 8 9 |  9.6
Armour         | 3 4 5 6 7 8 9 |  9.6
Shields        | 3 4 |  4.0
Dodging        | 1 4 6 8 10 11 | 11.9

Action                   |  1- 3 |  4- 6 |  7- 9 | 10-12 || total
-------------------------+-------+-------+-------+-------++-------
Melee: Trident           |   152 |   193 |   692 |   345 ||  1382
       Spear             |       |       |       |   571 ||   571
Evoke: Wand              |       |     2 |     4 |    14 ||    20
  Use: Scroll            |       |       |     8 |     3 ||    11
       Potion            |       |       |     4 |       ||     4
Armor: Scale mail        |    42 |     3 |       |       ||    45
       Chain mail        |       |    85 |   478 |   416 ||   979
Dodge: Dodged            |    34 |    56 |   410 |   464 ||   964
Block: Buckler           |    23 |    48 |   200 |   190 ||   461
